 Dungeon Crawl Stone Soup version 0.29-a0-559-g359e09b9d1 (webtiles) character file.

Game seed: 1691352168035112918

480 happo123 the Sneak (level 6, 0/35 HPs)
             Began as a Vampire Enchanter on June 9, 2022.
             Slain by Pikel
             ... wielding a +2 whip of freezing
              (8 damage)
             ... on level 4 of the Dungeon.
             The game lasted 00:15:32 (4541 turns).

happo123 the Sneak (Vampire Enchanter)              Turns: 4541, Time: 00:15:34

Health: 0/35       AC: 10    Str:  7    XL:     6   Next: 86%
Magic:  0/10       EV: 10    Int: 20    God:
Gold:   331        SH:  0    Dex: 14    Spells: 2/10 levels left

rFire   . . .      SeeInvis +   s - +0 short sword (drain)
rCold   + + .      Faith    .   (no shield)
rNeg    + + +      Spirit   .   v - +1 ring mail "Bucaix" {Fly rElec Will- rCorr}
rPois   ∞          Reflect  .   (no helmet)
rElec   +          Harm     .   (no cloak)
rCorr   +          Rampage  .   (no gloves)
Will    .....                   (no boots)
Stlth   +++++.....              (no amulet)
HPRegen 0.00/turn               p - +4 ring of protection
MPRegen 0.12/turn               (no ring)

@: flying, bloodless, inhibited regen
A: bloodless, fangs 3, see invisible, vampiric 2
a: Bat Form, Revivify


You were on level 4 of the Dungeon.
You visited 1 branch of the dungeon, and saw 4 of its levels.

You collected 331 gold pieces.

Inventory:

Hand Weapons
 a - a +1 dagger
 e - a +2 vampiric whip
 s - a +0 short sword of draining (weapon)
Armour
 b - a +0 robe
 v - the +1 ring mail "Bucaix" (worn) {Fly rElec Will- rCorr}
   (You found it on level 4 of the Dungeon)

   rElec:     It insulates you from electricity.
   Fly:       It grants you flight.
   rCorr:     It protects you from acid and corrosion.
   Will:      It decreases your willpower.
Magical Staves
 w - a staff of death
Jewellery
 p - a +4 ring of protection (left hand)
 x - a ring of resist corrosion
Wands
 q - a wand of paralysis (7)
Scrolls
 d - 2 scrolls of vulnerability {unknown}
 f - 2 scrolls of brand weapon {unknown}
 h - 2 scrolls of enchant weapon {unknown}
 k - 2 scrolls of blinking {unknown}
 l - 2 scrolls of identify {unknown}
 n - a scroll of poison {unknown}
 o - a scroll of amnesia {unknown}
 t - a scroll of torment {unknown}
Potions
 c - 2 potions of invisibility
 g - a potion of lignification {unknown}
 i - 3 potions of curing {unknown}
 j - a potion of ambrosia {unknown}
 m - a potion of flight {unknown}
 r - a potion of heal wounds {unknown}
 u - a potion of resistance {unknown}


   Skills:
 + Level 2.0 Fighting
 + Level 2.8 Short Blades
 + Level 0.1 Armour
 + Level 3.2 Dodging
 * Level 6.9 Stealth
 + Level 2.8 Spellcasting
 * Level 6.7 Hexes
 + Level 1.5 Ice Magic


You had 2 spell levels left.
You knew the following spells:

 Your Spells              Type           Power      Damage    Failure   Level
a - Ensorcelled Hibernat  Hex/Ice        38%        N/A       14%         2
b - Confusing Touch       Hex            29%        N/A       10%         3
c - Tukima's Dance        Hex            29%        N/A       10%         3

Your spell library contained the following spells:

 Spells                   Type           Power      Damage    Failure   Level
 Dazzling Flash           Conj/Hex       32%        N/A       36%         3
 Gell's Gravitas          Tloc           2%         N/A       83%         3
 Lesser Beckoning         Tloc           2%         N/A       83%         3
 Teleport Other           Tloc           2%         N/A       83%         3


Dungeon Overview and Level Annotations

Branches:
Dungeon (4/15)
 Temple: D:4-7

Altars:
Gozag
Trog

Shops:
D:3 *

Annotations:
D:4 Pikel


Innate Abilities, Weirdness & Mutations

You do not regenerate when monsters are visible.
You are frail without blood (-20% HP).
You can heal yourself when you bite living creatures.
You are immune to poison.
You have razor-sharp teeth.
You have supernaturally acute eyesight. (SInv)
You are afflicted with vampirism and can become a bat while bloodless.


Message History

Pikel resists with some effort.
The lemure shouts!
The lemure shouts!
Pikel closely misses you.
Aiming: Ensorcelled Hibernation (safe; 14% risk of failure)
Press: ? - help, Q - select action, (/) - cycle Shift-Dir - straight line, f/p - Pikel
Aim: Pikel, wielding a +2 whip of freezing and wearing a +0 robe (chance to affect: 51%) Pikel resists with some effort.
Pikel hits you with a +2 whip of freezing.
You closely miss Pikel.
Pikel hits you with a +2 whip of freezing.
You closely miss Pikel.
Pikel hits you with a +2 whip of freezing!
The lemure shouts!
You hit Pikel. You drain Pikel.
Pikel is lightly wounded.
Pikel hits you with a +2 whip of freezing!
* * * LOW HITPOINT WARNING * * *
Your magical contamination has completely faded away.
You completely miss Pikel. Your punch misses Pikel.
Pikel is lightly wounded.
Pikel hits you but does no damage.
You barely miss Pikel.
Pikel is lightly wounded.
Pikel hits you but does no damage.
You barely miss Pikel.
Pikel is lightly wounded.
Pikel barely misses you.
You barely miss Pikel.
Pikel is lightly wounded.
Pikel barely misses you. Pikel attacks as you move away!
Pikel hits you but does no damage. Pikel attacks as you move away!
Pikel barely misses you. Pikel waves his whip at you.
Aiming: Ensorcelled Hibernation (safe; 14% risk of failure)
Press: ? - help, Q - select action, (/) - cycle Shift-Dir - straight line, f/p - Pikel
Aim: Pikel, wielding a +2 whip of freezing and wearing a +0 robe (lightly wounded, lightly drained, chance to affect: 55%) Pikel resists with significant effort.
Pikel hits you with a +2 whip of freezing!
You die...

............÷##.......K5....5
...............#'#######...5.
............#..#.# .....
............#..#.##### ....
........)...##.#5....# #######
............##.55..#.# #....
............##.#5###.# #.###
............##.#K....########.#
............##..@######.......#
............###..# #.......#
##########.## #..# #.......#
#.# ##>######.......#
##########.# ####...'.......#
...........########.###.......#
...........##.......# #.......#
...........##.......# #.......#
##########..........#
#.......###


You could see Pikel (drained) and 4 lemures.

Vanquished Creatures
  The ghost of Zonian the Ducker, an amateur SpAK of Lugonu (D:3)
  An orc warrior (D:3)
  A hound (D:4)
  2 orc wizards (D:3)
  8 adders
  3 gnolls (D:3)
  A dart slug (D:2)
  14 orcs
  10 bats
  6 endoplasms
  5 goblins
  7 hobgoblins
  2 jackals (D:2)
  2 quokkas
  4 ball pythons
  5 frilled lizards
  10 kobolds
  6 rats
88 creatures vanquished.

Notes
Turn   | Place    | Note
-------+----------+-------------------------------------------
     0 | D:1      | happo123 the Vampire Enchanter began the quest for the Orb.
     0 | D:1      | Reached XP level 1. HP: 13/13 MP: 3/3
   214 | D:1      | Reached XP level 2. HP: 16/19 MP: 5/5
   254 | D:1      | Learned a level 2 spell: Ensorcelled Hibernation
   939 | D:1      | Reached skill level 5 in Stealth
  1094 | D:1      | Gained mutation: You are afflicted with vampirism and can
                  | become a bat while bloodless. [Vampire growth]
  1094 | D:1      | Reached XP level 3. HP: 20/20 MP: 3/6
  1098 | D:1      | Learned a level 3 spell: Confusing Touch
  1210 | D:2      | Reached skill level 5 in Hexes
  1358 | D:2      | Found a faded altar of an unknown god.
  1435 | D:2      | Reached XP level 4. HP: 24/24 MP: 4/7
  1495 | D:2      | Reached skill level 1 in Fighting
  2353 | D:3      | Found Hepnatao's General Store.
  2393 | D:3      | HP: 1/25 [gnoll/+0 flail (1)]
  2776 | D:3      | Reached XP level 5. HP: 29/29 MP: 5/8
  2784 | D:3      | Learned a level 3 spell: Tukima's Dance
  3006 | D:3      | Found a runed translucent gate.
  3007 | D:3      | Found a runed translucent gate.
  3007 | D:3      | Found a runed translucent gate.
  3007 | D:3      | Found an opulent altar of Gozag.
  3010 | D:3      | Noticed an orc warrior
  3011 | D:3      | Noticed Zonian's ghost (amateur SpAK)
  3331 | D:3      | Reached skill level 1 in Ice Magic
  3613 | D:3      | Killed Zonian's ghost
  3614 | D:3      | Reached XP level 6. HP: 31/35 MP: 6/9
  3621 | D:3      | HP: 1/35 [orc warrior/+0 war axe (6)]
  3630 | D:3      | Killed an orc warrior
  3948 | D:4      | Found a bloodstained altar of Trog.
  3951 | D:4      | Identified the +1 ring mail "Bucaix" {Fly rElec Will-
                  | rCorr}
  4511 | D:4      | Noticed Pikel
  4541 | D:4      | Slain by Pikel

Illustrated notes

Levels and vault maps discovered:
D:1:      matt_arrival_los_fun, layout_loops_corners, minmay_fountain_box,
          st_stairs_1, nrook_mini_vaults
D:2:      minmay_chambers_of_twos, layout_loops_ring,
          ebering_ecumenical_altar_webs, grunt_ministairs_14, minmay_quantized
D:3:      layout_loops_cross, ebering_ghost_gozag, serial_shops, shop
D:4:      layout_basic, trog_book, serial_shops, kennysheep_mini, uniq_pikel

Skill      XL: |  1  2  3  4  5  6 |
---------------+-------------------+-----
Stealth        | 5 6 |  6.9
Hexes          | 5 6 |  6.7
Fighting       | 1 2 |  2.0
Short Blades   | 2 |  2.8
Ice Magic      | 1 |  1.5
Dodging        | 3 |  3.2
Armour         | |  0.1
Spellcasting   | |  2.8

Action                   |  1- 3 |  4- 6 || total
-------------------------+-------+-------++-------
Melee: Dagger            |    77 |     9 ||    86
       Bite              |     7 |    13 ||    20
       Punch             |     1 |     2 ||     3
       Whip              |     6 |       ||     6
       Short sword       |       |   100 ||   100
 Cast: Ensorcelled Hiber |    11 |    29 ||    40
       Confusing Touch   |       |     2 ||     2
 Abil: Exsanguinate      |     1 |       ||     1
 Stab: Sleeping          |    27 |    27 ||    54
       Confused          |       |     4 ||     4
Armor: Robe              |    14 |    26 ||    40
       Ring mail         |       |     7 ||     7
Dodge: Dodged            |    49 |    54 ||   103

Table legend: (Time is in decaauts)
 A = Elapsed time spent in this place.
 B = Non-inter-level travel time spent in this place.
 C = Inter-level travel time spent in this place.
 D = Time resting spent in this place.
 E = Time spent auto-exploring this place.
 F = Levels seen in this place.
 G = Mean time per level.
                   A        B        C        D        E       F      G
               +--------+--------+--------+--------+--------+-----+--------+
         Total |   4531 |   4060 |    471 |    396 |   2886 |   4 | 1132.8 |
       Dungeon |   4531 |   4060 |    471 |    396 |   2886 |   4 | 1132.8 |
               +--------+--------+--------+--------+--------+-----+--------+

Top non-repeatable levels by time:
     D:3: 1579 daAuts
     D:1: 1203 daAuts
     D:2: 1141 daAuts
     D:4: 606 daAuts
